 Dungeon Crawl Stone Soup version 0.27.0-1-g7a089689b8 (webtiles) character file.

Game seed: 17113917884313271784

88 Smaepdii the Cudgeller (level 4, -12/28 HPs)
             Began as a Gargoyle Berserker on Aug 3, 2021.
             Was a Believer of Trog.
             Mangled by an orc warrior (20 damage)
             ... on level 3 of the Dungeon.
             The game lasted 00:07:28 (2626 turns).

Smaepdii the Cudgeller (Gargoyle Berserker)         Turns: 2626, Time: 00:07:29

Health: -12/28     AC:  5    Str: 22    XL:     4   Next: 53%
Magic:  4/4        EV: 12    Int: 13    God:    Trog [**....]
Gold:   46         SH:  0    Dex:  9    Spells: 3/3 levels left

rFire    . . .     SeeInvis .   a - +0 mace
rCold    . . .     Faith    .   (no shield)
rNeg     + . .     Spirit   .   b - +0 animal skin
rPois    ∞         Reflect  .   (no helmet)
rElec    +         Harm     .   (no cloak)
rCorr    .         Rampage  .   (no gloves)
Will     ++...                  (no boots)
Stlth    +.........             (no amulet)
HPRegen  1.09/turn              f - +6 ring of intelligence
MPRegen  0.09/turn              (no ring)

@: strong-willed (expiring), on berserk cooldown, regenerating (expiring),
slowed, very slow
A: sickness immunity, AC +3, negative energy resistance 1, electricity
resistance, torment resistance 1, petrification resistance
a: Renounce Religion, Berserk, Trog's Hand


You were on level 3 of the Dungeon.
You worshipped Trog.
Trog was pleased with you.
You visited 1 branch of the dungeon, and saw 3 of its levels.

You collected 46 gold pieces.

Inventory:

Hand Weapons
 a - a +0 mace (weapon)
Armour
 b - a +0 animal skin (worn)
Jewellery
 f - a +6 ring of intelligence (left hand)
Scrolls
 g - 2 scrolls of identify {unknown}
Potions
 c - 3 potions of curing {unknown}
 d - a potion of flight {unknown}
 e - a potion of lignification {unknown}
 h - a potion of berserk rage {unknown}
 j - a potion of heal wounds {unknown}
 k - a potion of brilliance {unknown}


   Skills:
 - Level 3.4 Fighting
 * Level 4.8 Maces & Flails
 - Level 2.4 Armour
 - Level 1.7 Dodging


You had 3 spell levels left.
You didn't know any spells.
Your spell library was empty.

Dungeon Overview and Level Annotations

Branches:
Dungeon (3/15)

Altars:
Sif Muna


Innate Abilities, Weirdness & Mutations

You are immune to sickness and miasma.
Your stone body is resilient. (AC +3)
You are immune to poison.
You resist negative energy. (rN+)
You are resistant to electric shocks. (rElec)
You are resistant to unholy torment.
You are immune to petrification.


Message History

Your skin crawls.
You feel strong-willed.
The orc warrior hits you from afar with a +0 glaive!
Ouch! That really hurt!
A red film seems to cover your vision as you go berserk!
You feel yourself moving faster!
You feel mighty! The orc warrior barely misses you.
You feel a strong urge to attack something.
An orc priest comes into view. It is wielding a +0 hand axe.
The orc priest shouts!
You hear a shout!
An orc comes into view. It is wielding a +0 whip.
The orc warrior misses you.
You hit the orc warrior but do no damage.
The orc warrior barely misses you.
You feel a strong urge to attack something.
You hit the orc warrior.
The orc warrior is lightly wounded.
You feel the effects of Trog's Hand fading.
The orc warrior closely misses you.
You hit the orc warrior but do no damage.
The orc warrior is lightly wounded.
The orc priest looks encouraged for a moment.
The orc wizard misses you.
You hit the orc priest.
The orc priest is moderately wounded.
You are no longer berserk.
You are exhausted.
You feel yourself slow down. The orc warrior barely misses you.
The orc priest hits you with a +0 hand axe.
The orc wizard hits you with a +0 dagger.
You hit the orc priest.
The orc priest is heavily wounded.
The orc warrior barely misses you.
The orc priest hits you with a +0 hand axe.
The orc wizard casts a spell at you. The magic dart hits you.
* * * LOW HITPOINT WARNING * * *
The orc warrior hits you with a +0 glaive!!
Ouch! That really hurt!
You die...

#.......... ###
#..........#
..o..####...........
...o((..)...........
..... #...........
....####...........
#...............#
#.......ooo.....#
#......##@######
#......#.o.#
##.....#...#
..#.....#...#
._.......#...#
#8..##.##)#...# #..#
#..#.##.## ###
##.#.##.# #.#.# .#


You could see an orc warrior, an orc priest, an orc wizard and an orc.

Vanquished Creatures
  3 adders
  2 dart slugs
  6 ball pythons
  An endoplasm (D:2)
  8 giant cockroaches
  6 goblins
  2 hobgoblins (D:1)
  4 jackals (D:2)
  2 quokkas
  8 bats
  4 frilled lizards
  3 kobolds
  4 rats
53 creatures vanquished.

Vanquished Creatures (others)
  A fungus (D:1)
  A plant (D:1)
2 creatures vanquished.

Grand Total: 55 creatures vanquished

Notes
Turn   | Place    | Note
-------+----------+-------------------------------------------
     0 | D:1      | Smaepdii the Gargoyle Berserker began the quest for the
                  | Orb.
     0 | D:1      | Reached XP level 1. HP: 14/14 MP: 1/1
   414 | D:1      | Reached XP level 2. HP: 19/19 MP: 2/2
   904 | D:1      | Found a faded altar of an unknown god.
   931 | D:1      | Reached XP level 3. HP: 15/23 MP: 3/3
  1325 | D:2      | Reached skill level 4 in Maces & Flails
  2019 | D:2      | Reached XP level 4. HP: 28/28 MP: 4/4
  2049 | D:2      | Reached ** piety under Trog
  2444 | D:3      | Found a shimmering blue altar of Sif Muna.
  2604 | D:3      | Noticed an orc warrior
  2626 | D:3      | Mangled by an orc warrior

Illustrated notes

Levels and vault maps discovered:
D:1:      eino_arrival_druids_welcome, layout_basic,
          dreamdust_ecumenical_altar_grove
D:2:      layout_basic, kennysheep_generic_room_11
D:3:      layout_basic, led_sif_book, kennysheep_generic_room_3

Skill      XL: |  1  2  3 |
---------------+----------+-----
Maces & Flails | 4 |  4.8
Fighting       | |  3.4
Armour         | |  2.4
Dodging        | |  1.7

Action                   |  1- 3 |  4- 6 || total
-------------------------+-------+-------++-------
Melee: Mace              |   128 |    21 ||   149
Throw: Dart              |     9 |    12 ||    21
Invok: Berserk           |     7 |     3 ||    10
       Trog's Hand       |       |     1 ||     1
 Stab: Sleeping          |     1 |       ||     1
Armor: Animal skin       |    62 |     4 ||    66
Dodge: Dodged            |   122 |    17 ||   139
